 Dungeon Crawl Stone Soup version 0.30-a0-424-g7412bad402 (webtiles) character file.

Game seed: 10737705893300495029

821 p00ps00p the Trooper (level 7, -3/63 HPs)
             Began as a Hill Orc Fighter on Dec 9, 2022.
             Slain by a mummy (15 damage)
             ... in an ossuary.
             The game lasted 00:05:31 (3259 turns).

p00ps00p the Trooper (Hill Orc Fighter)             Turns: 3259, Time: 00:05:32

Health: -3/63      AC:  9    Str: 21    XL:     7   Next: 95%
Magic:  7/7        EV:  9    Int: 14    God:
Gold:   247        SH:  5    Dex: 10    Spells: 6/6 levels left

rFire   . . .      SeeInvis .    a - +0 war axe (venom)
rCold   . . .      Faith    .    c - +0 buckler
rNeg    + . .      Spirit   .    b - +0 scale mail
rPois   .          Reflect  .    (no helmet)
rElec   .          Harm     .    (no cloak)
rCorr   .          Rampage  .    g - +1 pair of gloves
Will    .....                    (no boots)
Stlth   ..........               (no amulet)
HPRegen 0.30/turn                l - +6 ring of intelligence
MPRegen 0.10/turn                m - ring of positive energy

@: mighty
A: no striking features
a: no special abilities


You were in an ossuary.
You visited 1 branch of the dungeon, and saw 5 of its levels.
You also visited: Ossuary.

You collected 247 gold pieces.

Inventory:

Hand Weapons
 a - a +0 war axe of venom (weapon)
Armour
 b - a +0 scale mail (worn)
 c - a +0 buckler (worn)
 g - a +1 pair of gloves (worn)
Jewellery
 l - a +6 ring of intelligence (left hand)
 m - a ring of positive energy (right hand)
Wands
 n - a wand of mindburst (21) (quivered)
Scrolls
 k - 2 scrolls of teleportation
 p - a scroll of identify
Potions
 e - 3 potions of curing
 f - a potion of degeneration {unknown}
 h - a potion of brilliance {unknown}
 i - 2 potions of berserk rage {unknown}
 j - 2 potions of heal wounds {unknown}
 o - 2 potions of cancellation {unknown}


   Skills:
 + Level 6.2 Fighting
 + Level 6.2 Axes
 + Level 5.7 Armour
 + Level 5.7 Shields


You had 6 spell levels left.
You didn't know any spells.
Your spell library contained the following spells:

 Spells                   Type           Power      Damage    Failure   Level
 Magic Dart               Conj           0%         1d3       67%         1
 Sandblast                Erth           0%         2d4       67%         1
 Summon Small Mammal      Summ           0%         N/A       67%         1
 Passwall                 Tmut/Erth      0%         N/A       80%         2
 Searing Ray              Conj           0%         2d4       80%         2
 Call Canine Familiar     Summ           0%         N/A       95%         3
 Stone Arrow              Conj/Erth      0%         3d7       95%         3
 Summon Guardian Golem    Hex/Summ       0%         N/A       95%         3
 Fulminant Prism          Conj/Hex       0%         3d5       100%        4


Dungeon Overview and Level Annotations

Branches:
Dungeon (5/15)            Ossuary (1/1)
 Temple: D:4-7

Altars:
Ashenzari
Elyvilon
Kikubaaqudgha
Sif Muna
Vehumet
Xom

Shops:
D:4 *   D:5 ?


Message History

A water moccasin zombie comes into view.
A bullfrog zombie comes into view.
A mummy comes into view.
The mummy hits you but does no damage.
A mummy comes into view.
The mummy barely misses you.
You hit the mummy but do no damage.
The mummy is lightly damaged.
You slash the mummy!
Unknown command.
You hit the mummy but do no damage.
The mummy is heavily damaged.
You hit the mummy. You block the mummy's attack. The mummy hits you!
A wyvern zombie comes into view.
Unknown command.
You hit the mummy.
The mummy is heavily damaged.
You hit the mummy. The mummy closely misses you.
The mummy hits you but does no damage.
Unknown command.
You barely miss the mummy.
The mummy is heavily damaged.
You hit the mummy but do no damage. The mummy hits you but does no damage.
The mummy hits you!
Unknown command.
You hit the mummy.
The mummy is severely damaged.
You closely miss the mummy. You hit the mummy.
Unknown command.
You hit the mummy but do no damage.
The mummy is severely damaged.
You hit the mummy. You slash the mummy! The mummy hits you but does no damage.
The mummy hits you. x2
Unknown command.
You are too injured to fight recklessly!
Unknown command.
You feel very mighty all of a sudden. You block the mummy's attack.
The mummy hits you!
* * * LOW HITPOINT WARNING * * *
A mummy opens the door.
The mummy hits you!
You die...

+## .'
#####.###
#...#MM.#
#.∩.@M#
#∩..#M+
#####Z#
Z' M## Z'
.# .'


You could see 5 mummies, a water moccasin zombie, a bullfrog zombie and a wyvern
zombie.

Vanquished Creatures
  A wyvern (D:5)
  An ice beast (D:5)
  An ogre (D:5)
  A bullfrog (D:4)
  A scorpion (D:5)
  A howler monkey (D:5)
  4 iguanas
  A statue (D:3)
  A mummy (D:5)
  4 gnolls
  6 adders
  A shadow imp (D:5)
  3 worms
  A dart slug (D:1)
  4 orcs
  10 bats
  5 endoplasms
  4 giant cockroaches
  5 goblins
  6 hobgoblins
  5 jackals
  2 quokkas
  8 ball pythons
  2 frilled lizards
  9 kobolds
  2 orc zombies (D:5)
  9 rats
98 creatures vanquished.

Vanquished Creatures (others)
  8 demonic plants (D:1)
  2 fungi (D:1)
  A plant (D:1)
  5 withered plants
16 creatures vanquished.

Grand Total: 114 creatures vanquished

Notes
Turn   | Place    | Note
-------+----------+-------------------------------------------
     0 | D:1      | p00ps00p the Hill Orc Fighter began the quest for the Orb.
     0 | D:1      | Reached XP level 1. HP: 19/19 MP: 1/1
    50 | D:1      | Found a faded altar of an unknown god.
   100 | D:1      | Reached XP level 2. HP: 27/27 MP: 2/2
   199 | D:1      | Reached XP level 3. HP: 13/33 MP: 3/3
   904 | D:2      | Found a shimmering altar of Xom.
   944 | D:2      | Reached XP level 4. HP: 40/40 MP: 4/4
  1217 | D:3      | Found a broken altar of Ashenzari.
  1470 | D:3      | Found a shimmering blue altar of Sif Muna.
  1597 | D:3      | Found an ancient bone altar of Kikubaaqudgha.
  1597 | D:3      | Found a white marble altar of Elyvilon.
  1822 | D:3      | Found a radiant altar of Vehumet.
  1822 | D:3      | Noticed a charred statue
  1837 | D:3      | Killed a charred statue
  2016 | D:4      | Reached XP level 5. HP: 26/47 MP: 5/5
  2219 | D:4      | Reached skill level 5 in Fighting
  2219 | D:4      | Reached XP level 6. HP: 44/56 MP: 6/6
  2582 | D:4      | Found Tevac's CLEARANCE SALE!.
  2641 | D:5      | Entered Level 5 of the Dungeon
  2661 | D:5      | Reached skill level 5 in Axes
  2785 | D:5      | Noticed a wyvern
  2789 | D:5      | Killed a wyvern
  2790 | D:5      | Reached skill level 5 in Armour
  2790 | D:5      | Reached skill level 5 in Shields
  2790 | D:5      | Reached XP level 7. HP: 60/62 MP: 7/7
  2853 | D:5      | Found Jocvodd's Magic Scroll Emporium.
  3235 | D:5      | Found a sand-covered staircase.
  3242 | Ossuary  | Entered an ossuary
  3259 | Ossuary  | Slain by a mummy

Illustrated notes

Levels and vault maps discovered:
D:1:      onia_arrival_pyramid, layout_basic, shapermc_ecumenical_altar_gd
D:2:      layout_rooms, basic_altar, kennysheep_crisscross,
          kennysheep_pointless_box
D:3:      layout_loops_ring, mainiacjoe_overflow_24_doors, vehumet_statue,
          mainiacjoe_overflow_small_starburst, minitemple, chequers_avenue,
          grunt_ministairs_1, grunt_decor_mini_mirrors
D:4:      layout_cave_pools, nicolae_shop_clearance
D:5:      minmay_thinvault, layout_basic, nicolae_ossuary_entry_giza,
          serial_shops, shop, grunt_decor_one_mirror, kennysheep_flooded_box
Ossuary:  ossuary_zaba_flooded

Skill      XL: |  1  2  3  4  5  6  7 |
---------------+----------------------+-----
Axes           | 3 4 5 6 |  6.2
Fighting       | 4 5 6 |  6.2
Shields        | 4 5 |  5.7
Armour         | 4 5 |  5.7

Action                   |  1- 3 |  4- 6 |  7- 9 || total
-------------------------+-------+-------+-------++-------
Melee: War axe           |   108 |   127 |    34 ||   269
Evoke: Wand              |       |     5 |    11 ||    16
  Use: Scroll            |     1 |     5 |     5 ||    11
       Potion            |       |       |     1 ||     1
Armor: Scale mail        |    56 |    59 |    21 ||   136
Dodge: Dodged            |    67 |    59 |    17 ||   143
Block: Buckler           |    26 |    18 |    11 ||    55

Table legend: (Time is in decaauts)
 A = Elapsed time spent in this place.
 B = Non-inter-level travel time spent in this place.
 C = Inter-level travel time spent in this place.
 D = Time resting spent in this place.
 E = Time spent auto-exploring this place.
 F = Levels seen in this place.
 G = Mean time per level.
                   A        B        C        D        E       F      G
               +--------+--------+--------+--------+--------+-----+--------+
         Total |   3346 |   3303 |     43 |    355 |   2128 |   6 |  557.7 |
       Dungeon |   3328 |   3285 |     43 |    355 |   2122 |   5 |  665.6 |
       Ossuary |     18 |     18 |      0 |      0 |      6 |   1 |   18.0 |
               +--------+--------+--------+--------+--------+-----+--------+

Top non-repeatable levels by time:
     D:3: 826 daAuts
     D:1: 705 daAuts
     D:4: 664 daAuts
     D:5: 608 daAuts
     D:2: 524 daAuts
 Ossuary: 18 daAuts
